 Dungeon Crawl Stone Soup version 0.25.1-2-g60ff931df9 (webtiles) character file.

Game seed: 12804924955440386266

114200 Luthien the Devastator (level 16, -17/104 HPs)
             Began as a Gargoyle Conjurer on Nov 22, 2020.
             Was the Champion of the Shining One (penitent).
             Killed from afar by a merfolk aquamancer (29 damage)
             ... with a torrent of water
             ... on level 1 of the Shoals.
             The game lasted 03:38:43 (40742 turns).

Luthien the Devastator (Gargoyle Conjurer)         Turns: 40742, Time: 03:38:44

Health: -17/104    AC: 25    Str: 15    XL:     16   Next: 65%
Magic:  3/32       EV: 14    Int: 29    God:    the Shining One [*]
Gold:   1691       SH:  6    Dex: 10    Spells: 28/39 levels left

rFire    + . .     SeeInvis .   r - +0 short sword (curse)
rCold    + . .     Gourm    .   U - +2 buckler {rC+ rF+}
rNeg     + + +     Faith    .   m - +2 robe {MR+}
rPois    ∞         Spirit   .   g - +1 helmet
rElec    +         Reflect  .   x - +1 cloak {rCorr}
rCorr    +         Harm     .   K - +0 pair of gloves
MR       ++++.                  I - +2 pair of boots
Stlth    ++++......             (no amulet)
HPRegen  0.27/turn              M - +6 ring of intelligence
MPRegen  0.23/turn              e - ring of the Mage {Wiz MR++ Int+3}

@: flying, hasted, very quick
A: big wings, negative energy resistance 1, electricity resistance, unbreathing,
petrification resistance, rot immunity, AC +12
a: Stop Flying, Renounce Religion


You were on level 1 of the Shoals.
You worshipped the Shining One.
The Shining One was demanding penance.
You were not hungry.

You visited 5 branches of the dungeon, and saw 25 of its levels.
You also visited: Sewer, Bailey, Gauntlet and Ice Cave.

You collected 1691 gold pieces.

Inventory:

Hand Weapons
 r - a cursed +0 short sword (weapon)
 S - a +0 vorpal hunting sling
Missiles
 d - 620 stones (quivered)
 f - 5 silver boomerangs
 s - 108 sling bullets
 A - 3 atropa-tipped darts
 B - 3 throwing nets
 C - 20 javelins
 F - 9 curare-tipped darts
 V - 13 poisoned darts
Armour
 g - a +1 helmet (worn)
 m - a +2 robe of magic resistance (worn)
 x - a +1 cloak of preservation (worn)
 y - a scarf of resistance
 I - a +2 pair of boots (worn)
 K - a +0 pair of gloves (worn)
 U - a +2 buckler of resistance (worn)
Jewellery
 e - the ring of the Mage (right hand) {Wiz MR++ Int+3}
   (You found it on level 14 of the Dungeon)

   [ring of wizardry]

   It improves your spell success rate.
   It affects your intelligence (+3).
   It affects your resistance to hostile enchantments.
 M - a +6 ring of intelligence (left hand)
Wands
 q - a wand of paralysis (9)
 D - a wand of flame (34)
 O - a wand of polymorph (29)
 P - a wand of acid (7)
 R - a wand of enslavement (3)
Scrolls
 l - a scroll of blinking
 u - 6 scrolls of remove curse
 E - 2 scrolls of holy word
 N - 4 scrolls of magic mapping
 W - a scroll of fog
Potions
 b - 3 potions of magic
 h - 5 potions of lignification
 o - a potion of cancellation
 t - 11 potions of curing
 z - 2 potions of heal wounds
 H - a potion of resistance
Miscellaneous
 i - a lightning rod (4/4)
 j - a tin of tremorstones (3/3)
 v - a phial of floods
 Q - 2 phantom mirrors
Comestibles
 a - 2 chunks of flesh
 c - 23 rations


   Skills:
 + Level 13.4 Fighting
 + Level 5.4 Armour
 - Level 5.0 Dodging
 - Level 8.4 Stealth
 - Level 4.0 Shields
 - Level 12.0 Spellcasting
 - Level 17.0 Conjurations
 - Level 4.0 Hexes
 - Level 3.0 Translocations
 + Level 11.5 Invocations
 + Level 2.8 Evocations


You had 28 spell levels left.
You knew the following spells:

 Your Spells              Type           Power        Failure   Level  Hunger
a - Magic Dart            Conj           ####         0%          1    None
b - Searing Ray           Conj           ######       0%          2    None
i - Iskenderun's Mystic   Conj/Tloc      ######..     1%          4    None
p - Fulminant Prism       Conj/Hex       ######....   1%          4    None

Your spell library contained the following spells:

 Spells                   Type           Power        Failure   Level  Hunger
 Animate Skeleton         Necr           N/A          1%          1    None
 Apportation              Tloc           ####..       1%          1    None
 Corona                   Hex            #####..      1%          1    None
 Freeze                   Ice            ###.         1%          1    None
 Infusion                 Chrm           ###.         1%          1    None
 Summon Small Mammal      Summ           ###.         1%          1    None
 Shroud of Golubria       Chrm/Tloc      ####..       1%          2    None
 Song of Slaying          Chrm           ###.....     1%          2    None
 Confusing Touch          Hex            #####...     1%          3    None
 Dazzling Flash           Conj/Hex       ######       1%          3    None
 Gell's Gravitas          Tloc           ####......   1%          3    None
 Spectral Weapon          Hex/Chrm       ####....     1%          3    None
 Hailstorm                Conj/Ice       ######..     1%          4    None
 Frozen Ramparts          Ice            ###...       3%          3    None
 Ozocubu's Armour         Chrm/Ice       ###.....     3%          3    None
 Petrify                  Tmut/Erth      ###.....     12%         4    None
 Summon Ice Beast         Ice/Summ       ###.....     12%         4    None
 Metabolic Englaciation   Hex/Ice        ####......   16%         5    ##.....
 Yara's Violent Unravell  Hex/Tmut       ####......   16%         5    ##.....


Dungeon Overview and Level Annotations

Branches:
Dungeon (15/15)            Temple (1/1) D:7            Lair (6/6) D:8
 Shoals (1/4) Lair:2        Snake (0/4) Lair:3        Slime (0/5) Lair:5
    Orc (2/2) D:9          Vaults (0/5) D:14         Depths (0/5) D:15
  Sewer (visited)          Bailey (visited)           IceCv (visited)
Gauntlet (visited)
    Elf: Orc:2

Altars:
Ashenzari
Cheibriados
Elyvilon
Fedhas
Hepliaklqana
Okawaru
Sif Muna
Trog
Wu Jian
Xom
Yredelemnul
Zin
The Shining One

Shops:
D:5 (   D:9 }   Orc:1 (

Portals:
Trove: D:15 (give 4 potions of resistance)

Annotations:
D:10 2 transporters
Orc:2 Saint Roka


Innate Abilities, Weirdness & Mutations

You are resistant to torment.
Your stone body is resilient. (AC +12)
You are immune to poison.
Your large and strong wings let you fly indefinitely.
You resist negative energy. (rN+)
You are resistant to electric shocks. (rElec)
You can survive without breathing.
You are immune to petrification.
You are immune to rotting.


Message History

* * * LOW HITPOINT WARNING * * *
You hear a splash.
You feel yourself speed up. You block the water elemental's attack.
The faun shoots a stone.
The stone hits you but does no damage.
You hear a splash.
You block the merfolk aquamancer's attack.
The faun shoots a stone.
The stone barely misses you.
You hear a splash.
The faun shoots a stone.
The stone hits you.
* * * LOW HITPOINT WARNING * * *
You hear a splash.
The merfolk aquamancer casts a spell at you.
The torrent of water misses you.
The wave splashes down.
Okay, then.
The merfolk impaler closely misses you.
The merfolk impaler hits you from afar with a +0 trident!
* * * LOW HITPOINT WARNING * * *
The merfolk aquamancer points at you and mumbles some strange words.
The torrent of water hits you!!
You die...

≈ ≈ .≈≈≈≈≈≈≈# ≈
≈≈≈≈≈≈≈≈# ≈
≈≈≈≈≈≈≈≈# ≈
≈≈≈≈≈≈≈≈≈# ≈
≈≈≈≈≈≈≈≈≈≈# ≈
≈≈≈≈≈≈≈≈≈≈≈# ≈
≈≈≈≈≈≈≈≈≈≈≈# ≈
.≈≈≈≈≈≈≈≈≈@# ≈
#.≈≈≈≈≈≈≈≈≈# ≈
.##.≈≈≈≈≈≈m≈≈# ≈
....≈≈≈≈≈≈≈≈E# ≈.
..≈≈≈≈≈≈≈≈≈≈≈# ≈≈
≈≈≈≈≈≈≈≈m≈≈≈# ≈≈≈
#.≈≈≈≈≈≈≈≈≈≈#
≈≈.###.≈≈c..(≈≈≈≈#
....#..≈≈.#.≈≈≈≈≈#


You could see a merfolk impaler, a merfolk aquamancer, a faun and a water
elemental.

Vanquished Creatures
  Rupert (D:14)
  A minotaur (Gauntlet)
  A fire dragon (D:11)
  A great orb of eyes (Gauntlet)
  2 merfolk impalers (Shoals:1)
  An ice dragon (D:11)
  4 vault guards (D:14)
  8 hydras
  6 death yaks
  A centaur warrior (D:12)
  8 two-headed ogres
  A tengu warrior (D:13)
  Sonja (D:12)
  5 skeletal warriors (D:14)
  A sea snake (Lair:2)
  5 unseen horrors
  Pikel (D:6)
  A lindwurm (Lair:5)
  5 harpies
  2 orc knights (D:11)
  An oklob plant (Lair:6)
  A manticore (D:13)
  A deep elf mage (D:12)
  4 ugly things
  An orc sorcerer (Orc:1)
  A faun (Shoals:1)
  2 cyclopes
  2 centaur zombies
  4 elephants
  2 ice statues (IceCv)
  2 merfolk sirens (Shoals:1)
  A black mamba (Lair:3)
  2 eyes of devastation (Gauntlet)
  A torpor snail (Lair:6)
  4 gargoyles
  2 kobold demonologists (D:14)
  23 spiny frogs
  2 rime drakes
  Maggie (D:8)
  5 yaktaurs (D:12)
  4 efreet
  6 komodo dragons
  The ghost of gbos the Chopper, a novice GrFi (D:5)
  8 trolls
  6 ice devils (IceCv)
  3 merfolk
  2 polar bears (D:11)
  2 wind drakes (Shoals:1)
  22 blink frogs
  A dream sheep (Bailey)
  A meliai zombie (D:13)
  3 tyrant leeches
  A slime creature (D:12)
  13 hippogriffs
  2 snapping turtles
  A centaur simulacrum (D:14)
  3 shadows
  2 wyverns
  A wraith (D:11)
  45 yaks
  Sigmund (D:6)
  2 water elementals (Shoals:1)
  3 basilisks
  A golden eye (Gauntlet)
  2 hungry ghosts
  8 vampire mosquitoes
  2 wargs
  3 swamp worms (Lair:2)
  14 water moccasins
  3 soldier ants
  Edmund (D:6)
  A floating eye (Gauntlet)
  16 porcupines
  A black bear (D:8)
  3 slaves (D:6)
  17 orc warriors
  4 phantoms
  3 eyes of draining
  10 ice beasts
  5 sky beasts
  6 ogres
  8 wolves
  6 centaurs
  9 crocodiles
  4 big kobolds
  32 bullfrogs
  A gnoll sergeant (D:9)
  A wyvern skeleton (D:6)
  4 scorpions
  14 killer bees
  4 electric eels
  2 jellies
  A howler monkey (D:9)
  7 crimson imps
  2 bullfrog zombies
  A quasit (D:10)
  Crazy Yiuf (D:7)
  18 orc wizards
  A bullfrog skeleton (D:5)
  9 orc priests
  14 hounds
  7 centaur skeletons
  3 iguanas
  Terence (D:2)
  9 worker ants
  2 hell rats (Lair:4)
  Robin (D:2)
  7 gnolls
  17 adders
  10 river rats
  A hound simulacrum (D:11)
  7 shadow imps
  7 white imps
  14 ufetubi
  3 oozes
  3 worms
  2 dart slugs
  6 leopard geckos
  58 orcs
  5 giant cockroaches
  15 goblins
  8 hobgoblins
  7 jackals
  6 quokkas
  10 ball pythons
  8 bats
  6 frilled lizards
  A jackal skeleton (D:6)
  48 kobolds
  A leopard gecko zombie (D:5)
  35 rats
  5 fungi
  6 plants
809 creatures vanquished.

Vanquished Creatures (collateral kills)
  An orc knight (Bailey)
1 creature vanquished.

Vanquished Creatures (others)
  A reaper (IceCv)
  A polar bear (D:11)
  A slave (D:6)
  Blork the orc (D:6)
  2 white imps (IceCv)
  An ufetubus (IceCv)
  534 fulminant prisms
  21 fungi
  36 plants
598 creatures vanquished.

Grand Total: 1408 creatures vanquished

Notes
Turn   | Place    | Note
-------+----------+-------------------------------------------
     0 | D:1      | Luthien the Gargoyle Conjurer began the quest for the Orb.
     0 | D:1      | Reached XP level 1. HP: 10/10 MP: 3/3
   300 | D:1      | Reached XP level 2. HP: 15/15 MP: 5/5
   304 | D:1      | Learned a level 2 spell: Searing Ray
  1019 | D:2      | Reached XP level 3. HP: 19/19 MP: 6/6
  1141 | D:2      | Noticed Robin
  1145 | D:2      | Killed Robin
  1257 | D:2      | Reached XP level 4. HP: 24/24 MP: 7/7
  1267 | D:2      | Learned a level 4 spell: Fulminant Prism
  1378 | D:2      | Found an iron altar of Okawaru.
  1815 | D:2      | Noticed Terence
  1823 | D:2      | Killed Terence
  1823 | D:2      | Reached skill level 1 in Fighting
  1823 | D:2      | Reached skill level 5 in Conjurations
  2254 | D:3      | Found a bloodstained altar of Trog.
  2283 | D:3      | Reached XP level 5. HP: 29/29 MP: 9/9
  3671 | D:4      | Reached XP level 6. HP: 27/36 MP: 11/11
  3677 | D:4      | Learned a level 4 spell: Iskenderun's Mystic Blast
  4096 | D:4      | Reached skill level 1 in Hexes
  4096 | D:4      | Reached skill level 1 in Translocations
  4198 | D:4      | Reached skill level 6 in Conjurations
  4835 | D:5      | Entered Level 5 of the Dungeon
  4835 | D:5      | Found Yxzaejiw's Antique Weapon Boutique.
  4847 | D:4      | Reached XP level 7. HP: 41/41 MP: 12/12
  5033 | D:5      | Found a runed translucent gate.
  5033 | D:5      | Found a runed translucent gate.
  5033 | D:5      | Found a runed translucent gate.
  5034 | D:5      | Noticed gbos's ghost (novice GrFi)
  5797 | D:6      | Reached XP level 8. HP: 43/46 MP: 13/13
  5824 | D:6      | Reached skill level 7 in Conjurations
  5844 | D:6      | Found a glowing drain.
  5906 | Sewer    | Entered a sewer
  6785 | D:6      | Noticed Sigmund
  6846 | D:6      | Reached skill level 8 in Conjurations
  6943 | D:6      | Noticed Pikel
  6947 | D:6      | Noticed Blork the orc
  7066 | D:7      | Found a staircase to the Ecumenical Temple.
  7075 | Temple   | Entered the Ecumenical Temple
  7080 | Temple   | Became a worshipper of the Shining One
  7147 | D:7      | Noticed a hippogriff
  7157 | D:7      | Killed a hippogriff
  7157 | D:7      | Reached skill level 9 in Conjurations
  7566 | D:7      | Noticed a hippogriff
  7585 | D:7      | Killed a hippogriff
  7585 | D:7      | Reached XP level 9. HP: 50/50 MP: 13/15
  8153 | D:7      | Found a runed translucent door.
  8154 | D:7      | Noticed Crazy Yiuf
  8372 | D:8      | Reached skill level 5 in Spellcasting
  8372 | D:8      | Reached skill level 10 in Conjurations
  8707 | D:8      | Found a staircase to the Lair.
  8707 | D:8      | Noticed a troll
  8715 | D:8      | Killed a troll
  8715 | D:8      | Reached skill level 11 in Conjurations
  8715 | D:8      | Noticed Maggie
  8825 | D:8      | Reached * piety under the Shining One
  9227 | D:8      | Reached skill level 12 in Conjurations
  9396 | D:8      | Killed Maggie
  9396 | D:8      | Reached XP level 10. HP: 56/56 MP: 5/17
  9513 | D:8      | Found a basalt altar of Yredelemnul.
  9818 | D:9      | Noticed a white ugly thing
  9818 | D:9      | Noticed a two-headed ogre
  9831 | D:8      | Killed a white ugly thing
 10193 | D:6      | Killed Pikel
 10203 | D:6      | Killed Blork the orc
 10393 | D:6      | Noticed Edmund
 10407 | D:6      | Killed Edmund
 10661 | D:6      | Killed Sigmund
 11005 | D:6      | Got a shimmering rapier
 11006 | D:6      | Identified the +4 rapier of Plague {vamp, Fragile rC++
                  | Stlth+} (You found it on level 6 of the Dungeon)
 11340 | D:9      | Reached skill level 5 in Fighting
 11340 | D:9      | Reached skill level 13 in Conjurations
 11732 | D:9      | Killed a two-headed ogre
 11732 | D:9      | Reached XP level 11. HP: 64/64 MP: 15/21
 12132 | D:9      | Found Iluyfen's Gadget Boutique.
 12227 | D:9      | Found a staircase to the Orcish Mines.
 12265 | D:9      | Reached ** piety under the Shining One
 12717 | D:10     | Entered Level 10 of the Dungeon
 12744 | D:10     | Found a flagged portal.
 12834 | Bailey   | Entered a bailey
 12886 | Bailey   | Noticed an orc knight
 12905 | Bailey   | Noticed an orc knight
 12912 | Bailey   | Killed an orc knight
 12917 | Bailey   | an orc knight changed into a dream sheep
 13320 | D:10     | Found a transporter.
 13452 | D:10     | Found a transporter.
 13531 | D:10     | Found a shattered altar of Ashenzari.
 13643 | D:10     | Noticed a two-headed ogre
 13652 | D:10     | Killed a two-headed ogre
 14277 | D:10     | Noticed an unseen horror
 14287 | D:10     | Killed an unseen horror
 14736 | Lair:1   | Entered Level 1 of the Lair of Beasts
 14803 | Lair:1   | Reached skill level 14 in Conjurations
 15047 | Lair:1   | Noticed a four-headed hydra
 15060 | Lair:1   | Killed a four-headed hydra
 15399 | Lair:2   | Reached *** piety under the Shining One
 15419 | Lair:2   | Reached skill level 5 in Stealth
 15419 | Lair:2   | Reached XP level 12. HP: 48/73 MP: 16/24
 15595 | Lair:2   | Noticed a seven-headed hydra
 16342 | Lair:2   | Killed a seven-headed hydra
 16524 | Lair:2   | Found a staircase to the Shoals.
 16922 | Lair:2   | Noticed an eight-headed hydra
 16947 | Lair:2   | Killed an eight-headed hydra
 17156 | Lair:2   | Found a glowing silver altar of Zin.
 17680 | Lair:3   | Noticed a six-headed hydra
 18015 | Lair:3   | Noticed an eight-headed hydra
 18027 | Lair:3   | Killed an eight-headed hydra
 18051 | Lair:3   | Killed a six-headed hydra
 18426 | Lair:3   | Reached skill level 5 in Dodging
 18443 | Lair:3   | Found a staircase to the Snake Pit.
 19509 | Lair:4   | Reached XP level 13. HP: 81/81 MP: 21/26
 19771 | Lair:4   | Reached skill level 15 in Conjurations
 19792 | Lair:4   | Reached skill level 10 in Fighting
 20507 | Lair:4   | You fall into a shaft and drop 1 floor!
 21327 | Lair:5   | Reached skill level 10 in Spellcasting
 21327 | Lair:5   | Gained mutation: Your large and strong wings let you fly
                  | indefinitely. [Gargoyle growth]
 21327 | Lair:5   | Reached XP level 14. HP: 90/90 MP: 28/28
 21428 | Lair:5   | You are sucked into a shaft and drop 1 floor!
 21428 | Lair:6   | Entered Level 6 of the Lair of Beasts
 21448 | Lair:6   | Found a gate leading to a gauntlet.
 21457 | Gauntlet | Entered a Gauntlet
 21457 | Gauntlet | Found a transporter.
 21457 | Gauntlet | Found a transporter.
 21475 | Gauntlet | Found a transporter.
 21490 | Gauntlet | Found a transporter.
 21504 | Gauntlet | Reached **** piety under the Shining One
 21505 | Gauntlet | Found a transporter.
 21519 | Gauntlet | Found a transporter.
 21537 | Gauntlet | Found a transporter.
 21610 | Gauntlet | Found a transporter.
 21625 | Gauntlet | Found a transporter.
 21645 | Gauntlet | Found a transporter.
 21653 | Gauntlet | Found a transporter.
 21655 | Gauntlet | Found a large runed translucent door.
 21656 | Gauntlet | Found a large runed translucent door.
 21657 | Gauntlet | Found a large runed translucent door.
 21657 | Gauntlet | Found a large runed translucent door.
 21657 | Gauntlet | Found a runed translucent door.
 21657 | Gauntlet | Found a runed translucent door.
 21658 | Gauntlet | Found a large runed translucent door.
 21659 | Gauntlet | Found a large runed translucent door.
 21659 | Gauntlet | Found a large runed translucent door.
 21659 | Gauntlet | Found a large runed translucent door.
 21660 | Gauntlet | Found a large runed translucent door.
 21661 | Gauntlet | Found a large runed translucent door.
 21668 | Gauntlet | Found a large runed translucent door.
 21668 | Gauntlet | Found a large runed translucent door.
 21669 | Gauntlet | Found a large runed translucent door.
 21669 | Gauntlet | Found a large runed translucent door.
 21671 | Gauntlet | Found a runed translucent gate.
 21671 | Gauntlet | Found a runed translucent gate.
 21673 | Gauntlet | Found a transporter.
 21677 | Gauntlet | Found a runed translucent gate.
 21685 | Gauntlet | Found a large runed translucent door.
 21686 | Gauntlet | Found a large runed translucent door.
 21756 | Gauntlet | Found a transporter.
 22091 | Gauntlet | Found a transporter.
 22102 | Gauntlet | Paralysed by a floating eye for 3 turns
 22407 | Gauntlet | Reached skill level 1 in Shields
 22670 | Gauntlet | Identified the +5 ring mail "Kocvuylo" {rC+}
 23180 | Lair:6   | Reached skill level 1 in Armour
 23202 | Lair:6   | Found a white marble altar of Elyvilon.
 23878 | Lair:5   | Reached skill level 16 in Conjurations
 24646 | Lair:5   | Found a staircase to the Slime Pits.
 26105 | Lair:5   | Reached XP level 15. HP: 78/96 MP: 30/30
 26186 | Lair:6   | Reached skill level 1 in Invocations
 26682 | Lair:6   | Reached ***** piety under the Shining One
 27570 | Lair:6   | Reached skill level 5 in Invocations
 27807 | D:5      | Killed gbos's ghost
 27898 | D:7      | Killed Crazy Yiuf
 28218 | D:11     | Found a frozen archway.
 28389 | IceCv    | Entered an ice cave
 29426 | D:11     | Reached ****** piety under the Shining One
 30728 | D:11     | Reached skill level 10 in Invocations
 31275 | D:12     | Noticed Sonja
 32862 | D:12     | Killed Sonja
 33171 | D:12     | Found a shimmering altar of Xom.
 33710 | D:12     | You are sucked into a shaft and drop 3 floors!
 33710 | D:15     | Entered Level 15 of the Dungeon
 33752 | D:15     | Found a portal to a secret trove of treasure.
 34174 | D:14     | Found the ring of the Mage {Wiz MR++ Int+3}
 35161 | D:13     | Reached XP level 16. HP: 103/103 MP: 23/31
 36110 | D:14     | Noticed Rupert
 36113 | D:14     | Paralysed by Rupert for 7 turns
 37319 | D:14     | Found a hazy altar of Hepliaklqana.
 37333 | D:14     | Was placed under penance by the Shining One
 37540 | D:14     | Found a gate to the Vaults.
 37546 | D:14     | Reached skill level 17 in Conjurations
 37564 | D:14     | Killed Rupert
 37564 | D:14     | Reached skill level 1 in Evocations
 37721 | D:14     | You are sucked into a shaft and drop 1 floor!
 38439 | Orc:1    | Entered Level 1 of the Orcish Mines
 38647 | Orc:1    | Found Upypomee's Weapon Shoppe.
 38883 | Orc:2    | Entered Level 2 of the Orcish Mines
 38883 | Orc:2    | Noticed Saint Roka
 39435 | Shoals:1 | Entered Level 1 of the Shoals
 40087 | Shoals:1 | Reached skill level 5 in Armour
 40742 | Shoals:1 | Killed from afar by a merfolk aquamancer

Illustrated notes

Levels and vault maps discovered:
D:1:      minmay_arrival_radiant_lines, layout_basic, chequers_arboretum,
          minmay_tree_intersection, grunt_decor_arrowhead
D:2:      layout_basic, lemuel_crystal_altar, uniq_robin, uniq_terence
D:3:      layout_basic, bloody_trog
D:4:      minmay_wonky_spiral, layout_basic, first_ration
D:5:      layout_rooms, serial_shops,
          nicolae_shop_temple_entry_statues_fountains,
          gammafunk_ghost_necromancy, minmay_misc_feat_secret_circle
D:6:      layout_loops_cross, cheibrodos_sewer_entry_sluice, uniq_sigmund,
          uniq_pikel, uniq_blork_the_orc, uniq_edmund
D:7:      layout_basic, minmay_temple_entry_large_hall, serial_bayou_pond_b,
          lemuel_another_geyser, uniq_crazy_yiuf_cottage
D:8:      layout_loops_ring, yredelemnul_altar_generic, erik_lair_island,
          uniq_maggie
D:9:      layout_loops_ring, orc_0_dummy, serial_shops, nicolae_shop_stone
D:10:     gammafunk_jiyva_shrine, layout_long_grid, basic_altar, enter_bailey_7,
          hangedman_fish_farm, hangedman_abyss_or_decor_stagger,
          ebering_dispersal_statue_hall
D:11:     minmay_the_grid_net [minmay_the_grid_gridbox, minmay_the_grid_fan,
          minmay_the_grid_armoury, minmay_the_grid_minigrid_small_alt,
          minmay_the_grid_minigrid_medium,
          minmay_the_grid_prize_shrinking_boxes], layout_small_grid, serial_ice,
          serial_ice_b, serial_ice_i, serial_ice_c, serial_ice_o, serial_ice_h,
          portal_ice_cave_entry_animals_and_master
D:12:     kennysheep_room_grid, layout_stronghold, basic_altar, uniq_sonja
D:13:     layout_rooms, serial_aquarium, aquarium_bridge_long_separate
          [aquarium_subvault_balcony, aquarium_subvault_window,
          aquarium_subvault_bridge, aquarium_subvault_wall,
          aquarium_subvault_window, aquarium_subvault_bridge],
          aquarium_window_1, aquarium_window_fake, aquarium_view_2f,
          aquarium_view_2b
D:14:     layout_basic, lightli_vaults_fourway_checkpoint, minivault_11,
          lemuel_statue_altar, uniq_rupert
D:15:     grunt_enter_depths_hoard, layout_layer_cave,
          nicolae_trove_entry_free_sample, hangedman_decor_slide_cut,
          minmay_unpleasant_kobolds
Temple:   regret_index_temple_chain_breaker
Lair:1:   layout_cave_shapes
Lair:2:   layout_chaotic_city, minmay_shoals_entry_hut, basic_altar,
          st_stairs_3, worms_lemuel
Lair:3:   layout_misc_corridors, minmay_snake_entry_six_corridors
Lair:4:   layout_gridlike, kennysheep_rathole
Lair:5:   layout_cave_pods, slime_dummy
Lair:6:   minmay_lair_end_frog_pond, layout_regular_city,
          gauntlet_entry_generic, lemuel_oklob_altar, lemuel_fruit_fields
Shoals:1: layout_shoals
Orc:1:    layout_caves, serial_shops, shop
Orc:2:    grunt_orc_tribal_feast, layout_caves, uniq_erolcha, uniq_azrael,
          uniq_josephine, uniq_saint_roka

Skill      XL: |  1  2  3  4  5  6  7  8  9 10 11 12 13 14 15 16 |
---------------+-------------------------------------------------+-----
Dodging        | 2 3 5 |  5.0
Stealth        | 3 5 7 8 |  8.4
Fighting       | 1 2 3 6 8 9 11 12 13 | 13.4
Conjurations   | 5 6 9 12 13 14 15 16 17 | 17.0
Spellcasting   | 3 4 5 6 8 9 10 11 12 | 12.0
Hexes          | 1 3 4 |  4.0
Translocations | 1 3 |  3.0
Shields        | 4 |  4.0
Armour         | 4 5 |  5.4
Invocations    | 10 11 | 11.5
Evocations     | 2 |  2.8

Action                   |  1- 3 |  4- 6 |  7- 9 | 10-12 | 13-15 | 16-18 || total
-------------------------+-------+-------+-------+-------+-------+-------++-------
Melee: Hand axe          |       |       |    15 |     2 |       |       ||    17
       Staff             |       |       |       |     5 |    36 |       ||    41
       Short sword       |       |       |       |       |     7 |     8 ||    15
 Fire: Hunting sling     |       |       |       |     6 |       |       ||     6
Throw: Stone             |       |       |       |     8 |       |       ||     8
 Cast: Magic Dart        |    55 |    97 |   135 |    82 |   152 |    33 ||   554
       Searing Ray       |     1 |    25 |    84 |   102 |   166 |    52 ||   430
       Fulminant Prism   |       |       |     7 |   123 |   304 |   101 ||   535
       Iskenderun's Myst |       |       |       |     4 |     9 |    10 ||    23
Invok: Divine Shield     |       |       |       |       |     1 |       ||     1
       Summon Divine War |       |       |       |       |       |     1 ||     1
 Abil: Fly               |       |       |       |       |     1 |       ||     1
Evoke: Wand              |       |       |       |     3 |     6 |       ||     9
  Use: Scroll            |       |     5 |     1 |    10 |    20 |     6 ||    42
       Potion            |       |       |       |       |    10 |     2 ||    12
  Eat: Chunk             |     2 |    11 |    17 |    24 |    30 |    15 ||    99
       Ration            |       |       |       |     6 |     8 |     1 ||    15
Armor: Robe              |     1 |     2 |       |       |       |    78 ||    81
       Animal skin       |       |     6 |    21 |       |       |       ||    27
       Steam dragon scal |       |       |       |    65 |    19 |       ||    84
       Ring mail         |       |       |       |       |   293 |    14 ||   307
Dodge: Dodged            |     5 |    17 |    51 |    83 |   320 |   119 ||   595
Block: Buckler           |       |       |       |       |   136 |    58 ||   194
